 Dungeon Crawl Stone Soup version 0.30-a0-852-g08b95dd62f (webtiles) character file.

Game seed: 10856951632690627157

30624 Demosthentine the Fighter (level 13, -2/103 HPs)
             Began as a Demonspawn Gladiator on Mar 4, 2023.
             Was a High Priest of Hepliaklqana.
             Slain by a spriggan defender simulacrum (12 damage)
             ... in an ice cave.
             The game lasted 00:13:08 (13185 turns).

Demosthentine the Fighter (Demonspawn Gladiator)   Turns: 13185, Time: 00:13:09

Health: -2/103     AC: 17    Str: 18    XL:     13   Next: 21%
Magic:  21/21      EV: 20    Int: 10    God:    Hepliaklqana [*****.]
Gold:   700        SH:  5    Dex: 22    Spells: 12/12 levels left

rFire   . . .      SeeInvis .    h - +9 demon trident (drain)
rCold   + . .      Faith    .    (no shield)
rNeg    . . .      Spirit   .    C - +0 troll leather armour
rPois   .          Reflect  +    c - +1 helmet
rElec   .          Rampage  .    s - +2 cloak
rCorr   .                        v - +2 pair of gloves "Xutrefup" {Will+}
Will    +....                    (boots unavailable)
Stlth   ++                       y - amulet of reflection
HPRegen 1.17/turn                E - ring of protection from cold
MPRegen 0.34/turn                l - +6 ring of dexterity

@: no status effects
A: reduced essence, hooves 3, rugged brown scales 3, spiny 2, magic regeneration
a: Renounce Religion, Recall Ancestor, Ancestor Identity, Transference, Idealise


You were in an ice cave.
You worshipped Hepliaklqana.
Hepliaklqana was extremely pleased with you.
You visited 2 branches of the dungeon, and saw 15 of its levels.
You also visited: Ice Cave.

You collected 844 gold pieces.
You spent 144 gold pieces at shops.

Inventory:

Hand Weapons
 h - a +9 demon trident of draining (weapon)
Missiles
 d - 3 throwing nets (quivered)
 e - a javelin
Armour
 c - a +1 helmet (worn)
 s - a +2 cloak (worn)
 v - the +2 pair of gloves "Xutrefup" (worn) {Will+}
   (You found it on level 4 of the Dungeon)

   Will:      It increases your willpower.
 A - +0 steam dragon scales
 C - a +0 troll leather armour (worn)
Jewellery
 l - a +6 ring of dexterity (right hand)
 m - a ring of see invisible
 y - an amulet of reflection (around neck)
 E - a ring of protection from cold (left hand)
Wands
 a - a wand of charming (14)
 G - a wand of iceblast (4)
 I - a wand of polymorph (3)
 L - a wand of mindburst (11)
 N - a wand of flame (10)
Scrolls
 f - 11 scrolls of teleportation
 k - 3 scrolls of enchant armour
 o - a scroll of fear
 x - 2 scrolls of magic mapping
 B - a scroll of fog
 D - 3 scrolls of immolation
 J - 2 scrolls of enchant weapon
Potions
 b - 3 potions of flight
 g - 2 potions of attraction
 i - 5 potions of curing
 j - 5 potions of heal wounds
 n - 3 potions of mutation
 p - a potion of berserk rage
 q - a potion of magic
 r - 4 potions of might {unknown}
 u - a potion of cancellation
 w - a potion of resistance
 z - 2 potions of haste
 F - a potion of ambrosia
 H - 2 potions of lignification


   Skills:
 + Level 11.7 Fighting
 + Level 10.9 Polearms
 - Level 1.7 Throwing
 - Level 7.2 Armour
 + Level 11.0 Dodging
 + Level 10.7 Invocations


You had 12 spell levels left.
You didn't know any spells.
Your spell library contained the following spells:

 Spells                   Type           Power      Damage    Failure   Level
 Foxfire                  Conj/Fire      0%         2x1d4     41%         1
 Lesser Beckoning         Tloc           0%         N/A       54%         2
 Frozen Ramparts          Ice            0%         1d1       78%         3
 Gell's Gravitas          Tloc           0%         N/A       78%         3
 Summon Guardian Golem    Hex/Summ       0%         N/A       78%         3
 Teleport Other           Tloc           0%         N/A       78%         3
 Ice Form                 Ice/Tmut       0%         N/A       99%         4
 Summon Ice Beast         Ice/Summ       0%         N/A       99%         4
 Fireball                 Conj/Fire      0%         3d3       100%        5
 Freezing Cloud           Conj/Ice/Air   0%         6-21      100%        5
 Starburst                Conj/Fire      0%         6d3       100%        6
 Orb of Destruction       Conj           0%         9d5       100%        7
 Spellforged Servitor     Conj/Summ      0%         N/A       100%        7
 Death's Door             Necr           0%         N/A       100%        9


Dungeon Overview and Level Annotations

Branches:
Dungeon (14/15)            Temple (1/1) D:5            Lair (0/5) D:8
    Orc (0/2) D:10          IceCv (1/1)
 Vaults: D:13-14

Altars:
Ashenzari
Cheibriados
Dithmenos
Fedhas
Gozag
Hepliaklqana
Kikubaaqudgha
Makhleb
Nemelex Xobeh
Okawaru
Qazlal
Ru
Sif Muna
Trog
Uskayaw
Vehumet
Wu Jian
Xom
Yredelemnul

Shops:
D:5 **[   D:6 [[


Innate Abilities, Weirdness & Mutations

Your life essence is reduced to manifest your ancestor. (-10% HP)
You have hooves in place of feet.
You are completely covered in rugged brown scales. (AC +3, +7% HP)
You are mostly covered in sharp spines.
You regenerate magic rapidly.


Message History

There are monsters nearby!
You puncture the spriggan defender simulacrum!
The spriggan defender simulacrum is moderately damaged.
The spriggan defender simulacrum is struck by your spines.
The spriggan defender simulacrum hits you!
The spriggan defender simulacrum freezes you!
You resist.
There are monsters nearby!
You puncture the spriggan defender simulacrum!
Your kick misses the spriggan defender simulacrum.
The spriggan defender simulacrum is almost destroyed.
The spriggan defender simulacrum hits you!
The spriggan defender simulacrum freezes you!!
You resist.
* * * LOW HITPOINT WARNING * * *
Octavius is engulfed in freezing vapours.
Octavius misses the spriggan defender simulacrum.
Octavius is engulfed in freezing vapours.
Octavius points at the spriggan defender simulacrum and mumbles some strange words.
The spriggan defender simulacrum resists with significant effort.
You are too injured to fight recklessly!
You are too injured to fight recklessly!
You are too injured to fight recklessly!
You are too injured to fight recklessly!
Unknown command.
You miss the spriggan defender simulacrum.
Your kick misses the spriggan defender simulacrum.
The spriggan defender simulacrum is almost destroyed.
The spriggan defender simulacrum closely misses you.
The alligator simulacrum bites you.
* * * LOW HITPOINT WARNING * * *
The alligator simulacrum freezes you! You resist.
* * * LOW HITPOINT WARNING * * *
The alligator simulacrum barely misses you.
The spriggan defender simulacrum is struck by your spines.
The spriggan defender simulacrum hits you.
* * * LOW HITPOINT WARNING * * *
The spriggan defender simulacrum freezes you!
You resist.
You die...

##≈≈
#≈≈≈ ##
≈≈≈ .. #
≈≈ . .##
#≈
##.#..#
#≈ #.#..
#≈ #ZZ#
## #@R#
## ##.##
#. #.##
#. #.#
##. #.##
#.. #..#
#.# #.##
##.#
#.##
#..#
##.#####
#.##


You could see the friendly Octavius the hexer, an alligator simulacrum and a
spriggan defender simulacrum (ally target).

Vanquished Creatures
  3 boulder beetles
  A two-headed ogre (D:10)
  2 centaur warriors
  2 tengu warriors (D:13)
  6 skeletal warriors (D:13)
  2 spriggan simulacra (IceCv)
  2 deep elf pyromancers (D:13)
  3 ugly things
  A cyclops (D:13)
  A manticore (D:11)
  9 slime creatures (D:12)
  A freezing wraith (IceCv)
  3 ice devils (IceCv)
  A komodo dragon (D:12)
  Grinder (D:3)
  A troll (D:11)
  A tarantella (shapeshifter) (D:13)
  A jumping spider (shapeshifter) (D:12)
  3 wraiths
  2 wyverns (D:8)
  2 dire elephant simulacra (IceCv)
  8 yaks
  A basilisk (D:8)
  3 minotaur simulacra (IceCv)
  14 vampire mosquitoes
  3 steam dragons
  2 acid dragons
  2 water moccasins
  4 ice beasts
  An orc warrior (D:9)
  Duvessa (D:5)
  4 black bears
  3 ogres
  2 wolves (D:8)
  5 centaurs
  2 phantoms
  2 kobold brigands
  2 bullfrogs (D:6)
  2 gnoll sergeants
  3 scorpions
  A deep troll simulacrum (IceCv)
  3 wights (D:8)
  Dowan (D:5)
  9 killer bees
  5 howler monkeys
  A hexer (D:13)
  A hound (D:7)
  3 gnoll boudas
  5 orc priests
  2 sleepcaps
  2 iguanas
  7 orc wizards
  25 gnolls
  12 adders
  A shadow imp (D:6)
  A white imp (D:7)
  2 ufetubi
  3 worms
  A dart slug (D:1)
  42 orcs
  4 endoplasms
  3 giant cockroaches
  5 goblins
  6 hobgoblins
  5 quokkas
  6 ball pythons
  8 bats
  4 frilled lizards (D:1)
  20 kobolds
  4 rats
304 creatures vanquished.

Vanquished Creatures (collateral kills)
  A centaur warrior (D:13)
  A two-headed ogre (D:11)
  A tengu warrior (D:13)
  2 skeletal warriors (D:13)
  An ugly thing (D:11)
  An ice devil (IceCv)
  A kobold demonologist (D:14)
  A troll (D:11)
  5 slime creatures (D:12)
  A wyvern (D:8)
  2 yaks (D:11)
  2 steam dragons (D:9)
  A water moccasin (D:8)
  A sky beast (D:8)
  A kobold brigand (D:9)
  A killer bee (D:8)
  A howler monkey (D:7)
  2 gnolls
  A kobold (D:10)
27 creatures vanquished.

Vanquished Creatures (others)
  An ancestor (D:7)
  6 hexers
  A gnoll (D:9)
  4 fungi (D:8)
  20 plants (D:8)
32 creatures vanquished.

Grand Total: 363 creatures vanquished

Notes
Turn   | Place    | Note
-------+----------+-------------------------------------------
     0 | D:1      | Demosthentine the Demonspawn Gladiator began the quest for
                  | the Orb.
     0 | D:1      | Reached XP level 1. HP: 16/16 MP: 1/1
   129 | D:1      | Gained mutation: You have large cloven feet. [demonic
                  | ancestry]
   129 | D:1      | Reached XP level 2. HP: 22/22 MP: 2/2
   546 | D:1      | Reached skill level 1 in Armour
   593 | D:1      | Gained mutation: You are partially covered in rugged brown
                  | scales. (AC +1, +3% HP) [demonic ancestry]
   593 | D:1      | Reached XP level 3. HP: 23/28 MP: 3/3
  1661 | D:2      | Identified a scroll of acquirement
  1661 | D:2      | Acquired a +4 demon trident of draining
  1710 | D:3      | Noticed Grinder
  1732 | D:3      | Paralysed by Grinder for 5 turns
  1740 | D:3      | Killed Grinder
  1741 | D:3      | Gained mutation: You have hoof-like feet. [demonic
                  | ancestry]
  1741 | D:3      | Reached XP level 4. HP: 37/37 MP: 4/4
  1741 | D:3      | Reached XP level 5. HP: 42/42 MP: 5/5
  1741 | D:3      | Gained mutation: You are mostly covered in rugged brown
                  | scales. (AC +2, +5% HP) [demonic ancestry]
  1741 | D:3      | Reached XP level 6. HP: 42/49 MP: 6/6
  2320 | D:4      | Found a shimmering altar of Xom.
  2634 | D:4      | Identified the +2 pair of gloves "Xutrefup" {Will+}
  3677 | D:5      | Entered Level 5 of the Dungeon
  3687 | D:5      | Noticed Dowan
  3714 | D:5      | Killed Dowan
  3715 | D:5      | Gained mutation: You have hooves in place of feet. [demonic
                  | ancestry]
  3715 | D:5      | Reached XP level 7. HP: 52/56 MP: 7/7
  3726 | D:5      | Noticed Duvessa
  3736 | D:5      | Killed Duvessa
  3787 | D:5      | Found a staircase to the Ecumenical Temple.
  3805 | Temple   | Entered the Ecumenical Temple
  4007 | Temple   | Became a worshipper of Hepliaklqana the Forgotten
  4044 | D:5      | Found Zoasch's General Store.
  4063 | D:5      | Bought a scroll of teleportation for 45 gold pieces
  4063 | D:5      | Bought a scroll of teleportation for 45 gold pieces
  4226 | D:5      | Reached skill level 5 in Fighting
  4226 | D:5      | Reached skill level 5 in Dodging
  4230 | D:5      | Reached skill level 5 in Polearms
  4230 | D:5      | Reached XP level 8. HP: 33/65 MP: 8/8
  4437 | D:5      | Found Fud Egh's Assorted Antiques.
  4444 | D:5      | Bought a glowing coppery potion for 27 gold pieces
  4444 | D:5      | Bought a glowing coppery potion for 27 gold pieces
  4571 | D:5      | Found Noom Opp's Armour Emporium.
  5385 | D:6      | Found a radiant altar of Vehumet.
  5393 | D:6      | Reached skill level 5 in Armour
  5412 | D:6      | Gained mutation: You are partially covered in sharp spines.
                  | [demonic ancestry]
  5412 | D:6      | Reached XP level 9. HP: 58/72 MP: 9/9
  5414 | D:6      | Reached * piety under Hepliaklqana
  5457 | D:6      | Found Awammee's Antique Armour Boutique.
  5704 | D:6      | Found Osusith's Antique Armour Shop.
  6551 | D:7      | Reached ** piety under Hepliaklqana
  6552 | D:7      | Remembered your ancestor Octavius as a hexer
  6966 | D:8      | Reached skill level 1 in Invocations
  7050 | D:8      | Gained mutation: You are completely covered in rugged brown
                  | scales. (AC +3, +7% HP) [demonic ancestry]
  7050 | D:8      | Reached XP level 10. HP: 59/76 MP: 12/12
  7062 | D:8      | Found a staircase to the Lair.
  7986 | D:8      | Reached *** piety under Hepliaklqana
  8051 | D:9      | Reached skill level 5 in Invocations
  8431 | D:9      | Found a blossoming altar of Fedhas.
  8837 | D:10     | Entered Level 10 of the Dungeon
  8976 | D:10     | Got the Papyrus of Lethal Firn
  9229 | D:10     | Reached **** piety under Hepliaklqana
  9344 | D:10     | Noticed a centaur warrior
  9349 | D:10     | Killed a centaur warrior
  9402 | D:10     | Noticed a two-headed ogre
  9408 | D:10     | Killed a two-headed ogre
  9409 | D:10     | Gained mutation: You regenerate magic rapidly. [demonic
                  | ancestry]
  9409 | D:10     | Reached XP level 11. HP: 84/84 MP: 16/16
  9441 | D:10     | Found a staircase to the Orcish Mines.
  9738 | D:11     | Noticed a two-headed ogre
  9745 | D:11     | Killed a two-headed ogre
  9745 | D:11     | Noticed a red ugly thing
  9752 | D:11     | Killed a red ugly thing
 10294 | D:11     | Noticed a purple ugly thing
 10301 | D:11     | Killed a purple ugly thing
 10686 | D:12     | Reached skill level 10 in Fighting
 10712 | D:12     | Noticed a boulder beetle
 10722 | D:12     | Killed a boulder beetle
 10913 | D:12     | Noticed a red ugly thing
 10918 | D:12     | Killed a red ugly thing
 10919 | D:12     | Reached XP level 12. HP: 76/94 MP: 17/17
 11449 | D:13     | Reached ***** piety under Hepliaklqana
 11461 | D:13     | Noticed a centaur warrior
 11475 | D:13     | Killed a centaur warrior
 11480 | D:13     | Noticed a tengu warrior
 11497 | D:13     | Killed a tengu warrior
 11559 | D:13     | Noticed a centaur warrior
 11559 | D:13     | Noticed a tengu warrior
 11559 | D:13     | Noticed a tengu warrior
 11640 | D:13     | Killed a tengu warrior
 11641 | D:13     | Reached skill level 10 in Dodging
 11644 | D:13     | Killed a tengu warrior
 11646 | D:13     | Killed a centaur warrior
 11647 | D:13     | Reached skill level 10 in Polearms
 12227 | D:13     | Noticed a boulder beetle
 12239 | D:13     | Killed a boulder beetle
 12268 | D:13     | Noticed a boulder beetle
 12282 | D:13     | Killed a boulder beetle
 12468 | D:13     | Reached skill level 10 in Invocations
 12766 | D:13     | Gained mutation: You are mostly covered in sharp spines.
                  | [demonic ancestry]
 12766 | D:13     | Reached XP level 13. HP: 81/102 MP: 20/20
 12917 | D:14     | Found a frozen archway.
 12929 | IceCv    | Entered an ice cave
 13185 | IceCv    | Slain by a spriggan defender simulacrum

Illustrated notes

Levels and vault maps discovered:
D:1:      scummos_arrival_hexagon, layout_basic, supply_closet_lemuel
D:2:      layout_basic
D:3:      layout_rooms, uniq_grinder
D:4:      layout_layer_cave, kennysheep_mini, mainiacjoe_overflow_cross_hatched
D:5:      layout_basic, minmay_temple_entry_ruins, serial_rivers,
          chequers_serial_rivers_room_a, chequers_serial_rivers_room_a,
          chequers_serial_rivers_micro_d, chequers_serial_rivers_micro_c,
          chequers_serial_rivers_large_a, serial_shops, nicolae_square_shop,
          nicolae_shop_stone, nicolae_diamond_shop, minmay_fractal_squares_5,
          uniq_duvessa
D:6:      layout_rooms, mainiacjoe_overflow_brackets, serial_shops,
          nicolae_lakefront_shop, nicolae_shop_window_shopping
D:7:      layout_basic, lemuel_round_altar, minmay_misc_feat_iff
D:8:      layout_layer_cave, minmay_lair_entry_grove, patterned_corridor
D:9:      layout_irregular_city, mainiacjoe_overflow_alcove_1
D:10:     nicolae_hitomezashi [nicolae_hito_row, nicolae_hito_row,
          nicolae_hito_row, nicolae_hito_row, nicolae_hito_row,
          nicolae_hito_row, nicolae_hito_row, nicolae_hito_row,
          nicolae_hito_row, nicolae_hito_row, nicolae_hito_row,
          nicolae_hito_row, nicolae_hito_row, nicolae_hito_row,
          nicolae_hito_row, nicolae_hito_row, nicolae_hito_row,
          nicolae_hito_row], layout_loops_corners
D:11:     layout_cave_pools
D:12:     layout_loops_ring
D:13:     layout_irregular_city, minmay_quadrilaterals
D:14:     evilmike_diamond_2, layout_rooms, lightli_vaults_fourway_checkpoint,
          minmay_misc_feat_rows, portal_ice_cave_entry_pillars_four,
          fungi_pond_lemuel, hellmonk_guarded_unrand_staff_of_battle
Temple:   bh_familiar_temple
IceCv:    ice_cave_caverns_01

Skill      XL: |  1  2  3  4  5  6  7  8  9 10 11 12 13 |
---------------+----------------------------------------+-----
Dodging        | 3 4 5 6 7 8 9 10 11 | 11.0
Polearms       | 3 4 5 7 8 9 10 | 10.9
Armour         | 1 2 3 4 5 7 |  7.2
Fighting       | 3 4 5 6 7 8 10 11 | 11.7
Invocations    | 3 7 10 | 10.7
Throwing       | |  1.7

Action                     |  1- 3 |  4- 6 |  7- 9 | 10-12 | 13-15 || total
---------------------------+-------+-------+-------+-------+-------++-------
  Melee: Trident           |   153 |       |       |       |       ||   153
         Kick              |    28 |    13 |    53 |   112 |    18 ||   224
         Demon trident     |    10 |   109 |   222 |   441 |    61 ||   843
         Punch             |       |       |     1 |     1 |       ||     2
  Throw: Throwing net      |       |       |     2 |     1 |       ||     3
 Invoke: Ancestor Life: He |       |       |     1 |       |       ||     1
    Use: Scroll            |    10 |     5 |     2 |    11 |     3 ||    31
         Potion            |     2 |     1 |       |       |       ||     3
   Stab: Sleeping          |     2 |       |       |     4 |       ||     6
         Held in net/web   |       |       |     1 |       |       ||     1
         Confused          |       |       |     1 |    17 |       ||    18
         Distracted        |       |       |       |     8 |     2 ||    10
 Armour: Leather armour    |    62 |    27 |    66 |     3 |       ||   158
         Steam dragon scal |       |       |       |    21 |       ||    21
         Skin              |       |       |       |    16 |       ||    16
         Troll leather arm |       |       |       |    37 |     6 ||    43
  Dodge: Dodged            |   106 |    55 |   139 |   167 |    19 ||   486
  Block: Other             |       |       |     3 |    44 |     5 ||    52
         Reflection        |       |       |       |     2 |       ||     2

Table legend: (Time is in decaauts)
 A = Elapsed time spent in this place.
 B = Non-inter-level travel time spent in this place.
 C = Inter-level travel time spent in this place.
 D = Time resting spent in this place.
 E = Time spent auto-exploring this place.
 F = Levels seen in this place.
 G = Mean time per level.
                   A        B        C        D        E       F      G
               +--------+--------+--------+--------+--------+-----+--------+
         Total |  13150 |  12715 |    435 |    392 |  10174 |  16 |  821.9 |
       Dungeon |  12678 |  12262 |    416 |    392 |   9834 |  14 |  905.6 |
        Temple |    228 |    209 |     19 |      0 |    158 |   1 |  228.0 |
      Ice Cave |    242 |    242 |      0 |      0 |    182 |   1 |  242.0 |
               +--------+--------+--------+--------+--------+-----+--------+

Top non-repeatable levels by time:
     D:4: 1570 daAuts
    D:13: 1351 daAuts
     D:5: 1287 daAuts
     D:7: 1142 daAuts
    D:12: 1124 daAuts
     D:8: 1124 daAuts
    D:10: 1003 daAuts
     D:1: 994 daAuts
     D:9: 794 daAuts
     D:2: 706 daAuts
     D:6: 587 daAuts
    D:11: 524 daAuts
     D:3: 439 daAuts
   IceCv: 242 daAuts
  Temple: 228 daAuts
